 Dungeon Crawl Stone Soup version 0.23-a0-642-g3120c2f (webtiles) character file.

7905 Larett the Severer (level 11, -4/101 HPs)
             Began as a Minotaur Berserker on Dec 29, 2018.
             Was a High Priest of Trog.
             Slain by an unseen horror (6 damage)
             ... on level 10 of the Dungeon on Dec 30, 2018.
             The game lasted 00:32:06 (9661 turns).

Larett the Severer (Minotaur Berserker)             Turns: 9661, Time: 00:32:07

Health: -4/101     AC:  9    Str: 24    XL:     11   Next: 2%
Magic:  10/10      EV: 17    Int:  4    God:    Trog [*****.]
Gold:   345        SH:  0    Dex: 14    Spells: 10/10 levels left

rFire    . . .     SeeInvis .   j - +2 executioner's axe (chop)
rCold    . . .     Gourm    .   (shield currently unavailable)
rNeg     . . .     Faith    .   u - +2 robe {MR+}
rPois    .         Spirit   .   (helmet restricted)
rElec    .         Reflect  .   N - +1 cloak
rCorr    .         Harm     .   i - +1 pair of gloves {Str+3}
MR       +....                  (no boots)
Stlth    ++........             (no amulet)
HPRegen  0.26/turn              x - ring of stealth
MPRegen  0.12/turn              l - ring of flight

@: studying Fighting
A: retaliatory headbutt, horns 2
a: Berserk, Trog's Hand, Brothers in Arms, Renounce Religion, Evoke Flight


You were on level 10 of the Dungeon.
You worshipped Trog.
Trog was extremely pleased with you.
You were hungry.

You visited 1 branch of the dungeon, and saw 10 of its levels.
You also visited: Sewer and Ossuary.

You collected 633 gold pieces.
You spent 288 gold pieces at shops.

Inventory:

Hand Weapons
 a - a +1 hand axe
 b - a +0 blowgun
 j - a +2 executioner's axe of chopping (weapon)
 o - a +5 long sword
 s - a +5 long sword of holy wrath
 t - the +2 mace "Orb Guardian's Bane" {antimagic, rPois Dex+2}
   (You found it on level 7 of the Dungeon)

   It reduces the magical energy of the wielder, and disrupts the spells and
   magical abilities of those hit.
   Natural abilities and divine invocations are not affected.
   It affects your dexterity (+2).
   It protects you from poison.
 v - a +2 scimitar of electrocution
 A - a +1 short sword of venom
 L - a +4 dagger
Missiles
 g - 259 stones
 y - 5 javelins of penetration (quivered)
 z - 13 poisoned needles
 F - 45 sling bullets
 G - 96 arrows
 I - 2 needles of confusion
 K - 46 bolts
 M - 5 curare-tipped needles
 Z - 2 throwing nets {!f}
Armour
 i - a +1 pair of gloves of strength (worn)
 u - a +2 robe of magic resistance (worn)
 J - a +0 buckler
 N - a +1 cloak (worn)
Jewellery
 l - a ring of flight (right hand)
 w - the ring of the Quahog {MR+ MP+9}
   (You took it off an orc wizard on level 7 of the Dungeon)

   [ring of protection from magic]

   It affects your resistance to hostile enchantments.
   It affects your magic capacity (+9).
 x - a ring of stealth (left hand)
Wands
 f - a wand of polymorph (7)
 p - a wand of disintegration (25)
 q - a wand of flame (5)
 E - a wand of random effects (11)
Scrolls
 k - a scroll of enchant weapon
 n - a scroll of fog
 R - 4 scrolls of identify
 S - 6 scrolls of remove curse
 T - 7 scrolls of teleportation
 U - a scroll of fear
Potions
 h - 2 potions of cancellation
 B - a potion of haste
 C - a potion of invisibility
 D - 2 potions of flight
 H - 2 potions of agility
 O - 2 potions of heal wounds
 P - a potion of magic
 Q - 4 potions of curing
 V - a potion of brilliance
 W - 4 potions of might
 X - a potion of mutation {!q!q}
Books
 r - a manual of Fighting {!d}
Miscellaneous
 Y - a lamp of fire
Comestibles
 c - 18 rations
 m - 4 chunks of flesh


   Skills:
 + Level 10.3 Fighting
 * Level 15.8 Axes
 - Level 8.5 Armour
 - Level 8.0 Dodging


You had 10 spell levels left.
You didn't know any spells.
Your spell library contained the following spells:

 Spells                   Type           Power        Failure   Level  Hunger
 Confusing Touch          Hex            #.....       50%         1    ##.....
 Corona                   Hex            #......      50%         1    ##.....
 Flame Tongue             Conj/Fire      #....        50%         1    ##.....
 Slow                     Hex            #.......     65%         2    ###....
 Dazzling Spray           Conj/Hex       #.....       86%         3    ####...
 Inner Flame              Hex/Fire       #.......     86%         3    ####...
 Portal Projectile        Hex/Tloc       #.....       86%         3    ####...
 Cause Fear               Hex            #.........   99%         4    #####..
 Leda's Liquefaction      Hex/Erth       #.........   99%         4    #####..
 Summon Forest            Summ/Tloc      #.........   100%        5    ######.
 Bolt of Fire             Conj/Fire      #.........   100%        6    #######
 Dragon Form              Tmut           #.........   100%        7    #######
 Malign Gateway           Summ/Tloc      #.........   100%        7    #######
 Dragon's Call            Summ           #.........   100%        9    #######


Dungeon Overview and Level Annotations

Branches:
Dungeon (11/15)            Temple (0/1) D:6
   Lair: D:8-11         Orc: D:9-12

Altars:
Cheibriados
Dithmenos
Elyvilon
Hepliaklqana
Kikubaaqudgha
Makhleb
Qazlal
Uskayaw
Xom
Yredelemnul
Zin
The Shining One

Shops:
D:6 }   D:8 ?   D:11 [


Innate Abilities, Weirdness & Mutations

You reflexively headbutt those who attack you in melee.
You have a pair of horns on your head.


Message History

Something barely misses you. Something hits you. Something hits you!
Something hits you! Something hits you.
* * * LOW HITPOINT WARNING * * *
You are feeling hungry.
Something hits you but does no damage.
You barely miss something. Something hits you!
* * * LOW HITPOINT WARNING * * *
A jackal comes into view.
Something hits you.
* * * LOW HITPOINT WARNING * * *
The jackal barks!
You barely miss something. Something barely misses you.
Something hits you but does no damage. Something hits you!
* * * LOW HITPOINT WARNING * * *
Something hits you.
You die...

#########............
........................
........................
........................
........................
........................
........................
........................
.......@.h..............
######..{...............
#..................
#..................
#..................
#..................
#.................)
###################


You could see a jackal.

Vanquished Creatures
  A two-headed ogre (D:10)
  A tengu warrior (D:11)
  A manticore (D:11)
  A gargoyle (D:7)
  Grinder (D:6)
  3 hippogriffs
  Sigmund (D:3)
  Menkaure (Ossuary)
  2 sky beasts
  A black bear (D:8)
  2 ice beasts
  3 orc warriors
  6 ogres
  2 phantoms
  2 centaurs
  2 big kobolds (Sewer)
  Blork the orc (D:5)
  3 bullfrogs
  A gnoll sergeant (D:8)
  3 scorpions
  A water moccasin skeleton (D:4)
  4 killer bees (D:7)
  5 wights (D:8)
  4 howler monkeys
  2 bullfrog zombies
  3 crimson imps
  6 orc priests
  4 hounds
  8 orc wizards
  An iguana (D:7)
  3 worker ants
  A hound zombie (D:5)
  3 mummies (Ossuary)
  10 gnolls
  18 adders
  5 river rats
  2 shadow imps
  4 oozes
  An adder zombie (D:6)
  An adder skeleton (D:7)
  6 worms
  3 dart slugs
  8 leopard geckos
  24 orcs
  7 bats
  7 giant cockroaches
  2 goblins
  6 hobgoblins
  13 jackals
  2 quokkas
  5 ball pythons
  8 frilled lizards
  2 gnoll skeletons (Ossuary)
  3 gnoll zombies (Ossuary)
  6 goblin skeletons (Ossuary)
  5 goblin zombies (Ossuary)
  2 hobgoblin skeletons (Ossuary)
  4 hobgoblin zombies (Ossuary)
  20 kobolds
  5 kobold skeletons (Ossuary)
  3 kobold zombies (Ossuary)
  7 orc skeletons (Ossuary)
  3 orc zombies (Ossuary)
  A quokka zombie (D:7)
  6 rats
  2 rat skeletons (Ossuary)
  7 rat zombies (Ossuary)
291 creatures vanquished.

Vanquished Creatures (collateral kills)
  A wyvern (D:11)
  An orc warrior (D:11)
  A big kobold (D:11)
  An orc priest (D:11)
  2 orcs (D:11)
6 creatures vanquished.

Vanquished Creatures (others)
  A goblin skeleton (Ossuary)
1 creature vanquished.

Grand Total: 298 creatures vanquished

Notes
Turn   | Place    | Note
-------+----------+-------------------------------------------
     0 | D:1      | Larett the Minotaur Berserker began the quest for the Orb.
     0 | D:1      | Reached XP level 1. HP: 19/19 MP: 0/0
   115 | D:1      | Reached skill level 4 in Axes
   129 | D:1      | Reached XP level 2. HP: 22/26 MP: 1/1
   704 | D:2      | Reached skill level 3 in Armour
   704 | D:2      | Reached XP level 3. HP: 29/31 MP: 2/2
   718 | D:2      | Reached ** piety under Trog
   818 | D:1      | Reached skill level 5 in Axes
   818 | D:1      | Reached skill level 3 in Dodging
   818 | D:1      | Reached XP level 4. HP: 18/39 MP: 3/3
  1264 | D:2      | Reached XP level 5. HP: 41/45 MP: 4/4
  1373 | D:2      | Found a burning altar of Makhleb.
  1380 | D:2      | Found a shimmering altar of Xom.
  1485 | D:3      | Noticed Sigmund
  1491 | D:3      | Killed Sigmund
  1491 | D:3      | Reached skill level 6 in Axes
  1491 | D:3      | Reached XP level 6. HP: 51/51 MP: 5/5
  1682 | D:3      | Found a glowing drain.
  1686 | Sewer    | Entered a sewer
  2222 | Sewer    | Reached skill level 7 in Axes
  2299 | Sewer    | Reached XP level 7. HP: 40/57 MP: 6/6
  2340 | D:3      | Reached *** piety under Trog
  2743 | D:3      | Reached skill level 11 in Axes
  2743 | D:3      | Reached XP level 8. HP: 57/73 MP: 7/7
  2907 | D:3      | Found a white marble altar of Elyvilon.
  2912 | D:3      | Found a glowing golden altar of the Shining One.
  2915 | D:3      | Found a stormy altar of Qazlal.
  2923 | D:3      | Found a hazy altar of Hepliaklqana.
  3451 | D:4      | Reached skill level 12 in Axes
  3877 | D:4      | Found a snail-covered altar of Cheibriados.
  3977 | D:5      | Entered Level 5 of the Dungeon
  4035 | D:5      | Reached **** piety under Trog
  4141 | D:5      | Found a sand-covered staircase.
  4178 | Ossuary  | Entered an ossuary
  4418 | Ossuary  | Noticed Menkaure
  4436 | Ossuary  | Killed Menkaure
  4436 | Ossuary  | Reached XP level 9. HP: 35/79 MP: 8/8
  4737 | D:5      | Reached ***** piety under Trog
  4815 | D:5      | Noticed Blork the orc
  4828 | D:5      | Killed Blork the orc
  4828 | D:5      | Reached skill level 13 in Axes
  4962 | D:5      | Found a basalt altar of Yredelemnul.
  5137 | D:5      | Upgraded the game from 0.23-a0-639-ga9a3373 to
                  | 0.23-a0-642-g3120c2f
  5250 | D:6      | Got a bloodstained robe
  5251 | D:6      | Identified the +2 robe of Marbles {Int+3} (You found it on
                  | level 6 of the Dungeon)
  5708 | D:6      | Found an ancient bone altar of Kikubaaqudgha.
  5711 | D:6      | Noticed Grinder
  5724 | D:6      | Killed Grinder
  5783 | D:6      | Found a staircase to the Ecumenical Temple.
  5963 | D:6      | Found Ixeosi's Gadget Shop.
  6105 | D:7      | Noticed a +0 dagger
  6119 | D:7      | Found a shadowy altar of Dithmenos.
  6313 | D:7      | Reached skill level 14 in Axes
  6642 | D:7      | Noticed a gargoyle
  6663 | D:7      | HP: 17/118 [gargoyle/stone arrow (17)]
  6665 | D:7      | Killed a gargoyle
  6666 | D:7      | Identified the ring of the Quahog {MR+ MP+9}
  6668 | D:7      | Received a gift from Trog
  6668 | D:7      | Reached XP level 10. HP: 11/86 MP: 9/9
  6668 | D:7      | HP: 10/129 [poisoned by a worker ant]
  6674 | D:7      | HP: 7/86 [poisoned by a worker ant]
  6680 | D:7      | HP: 7/86 [poisoned by a worker ant]
  6835 | D:7      | Identified the Incunabulum of Companions and Curses
  6844 | D:7      | Got a steaming mace
  7019 | D:7      | Noticed a +0 hand axe
  7020 | D:7      | Found a hide-covered altar of Uskayaw.
  7429 | D:7      | Identified the +2 mace "Orb Guardian's Bane" {antimagic,
                  | rPois Dex+2} (You found it on level 7 of the Dungeon)
  7708 | D:8      | Found Dicwurel's Magic Scroll Shoppe.
  7711 | D:8      | Bought a scroll of identify for 28 gold pieces
  7711 | D:8      | Bought a scroll of fog for 28 gold pieces
  7785 | D:8      | HP: 10/89 [gnoll sergeant/wand of flame (8) (10)]
  8408 | D:8      | Reached skill level 15 in Axes
  8441 | D:8      | Found a glowing silver altar of Zin.
  8699 | D:8      | You fall through a shaft for 3 floors!
  8716 | D:11     | Reached skill level 9 in Fighting
  8716 | D:11     | Received a gift from Trog
  8787 | D:11     | Found Huka's Antique Armour Shoppe.
  8794 | D:11     | Bought a pair of glowing gloves for 232 gold pieces
  8892 | D:11     | Noticed a tengu warrior
  8901 | D:11     | Killed a tengu warrior
  9331 | D:11     | Noticed a manticore
  9337 | D:11     | Killed a manticore
  9483 | D:10     | Entered Level 10 of the Dungeon
  9605 | D:10     | Noticed a two-headed ogre
  9610 | D:10     | Killed a two-headed ogre
  9610 | D:10     | Reached XP level 11. HP: 100/100 MP: 10/10
  9657 | D:10     | HP: 13/101 [something (6)]
  9660 | D:10     | HP: 2/101 [something (12)]
  9661 | D:10     | Slain by an unseen horror

Vault maps used:
D:1:      wheals_arrival_shading, corexii_leaking_fountain
D:2:      amethyst_overflow_temple_binary
D:3:      minmay_door_path, grunt_temple_overflow_cloverleaf, first_ration,
          lightli_sewer_entry_pipes, uniq_sigmund
D:4:      cheibriados_altar_1, kennysheep_decorative_pillar
D:5:      yredelemnul_altar_generic, enter_ossuary_1,
          chequers_serial_rivers_large_a, uniq_blork_the_orc
D:6:      kennysheep_mini_moat, minmay_temple_entry_junction, serial_shops,
          nicolae_shop_behind_doors, minmay_misc_feat_roman, uniq_grinder
D:7:      minmay_the_grid_square_5x5_3x3, nicolae_dithmenos_shadow_blocks,
          dancing_weapons_uskayaw
D:8:      serial_shops, shop, basic_altar, grunt_decor_arrowhead
D:10:     uniq_erolcha
D:11:     serial_shops, shop, grunt_tengu_nest
Sewer:    sewer_co_15_rooms
Ossuary:  ossuary_due_pyramid

Skill      XL: |  1  2  3  4  5  6  7  8  9 10 |
---------------+-------------------------------+-----
Axes           | 4 5 6 7 11 12 14 15 | 15.8
Armour         | 3 4 5 8 |  8.5
Dodging        | 3 4 7 8 |  8.0
Fighting       | 7 10 | 10.3

Action                   |  1- 3 |  4- 6 |  7- 9 | 10-12 || total
-------------------------+-------+-------+-------+-------++-------
Melee: Hand axe          |    72 |   150 |   395 |    31 ||   648
       Headbutt          |    10 |    27 |    92 |    36 ||   165
       Mace              |       |       |       |   111 ||   111
       Executioner's axe |       |       |       |    28 ||    28
Invok: Trog's Hand       |       |     1 |     1 |     1 ||     3
       Berserk           |       |     1 |     1 |       ||     2
       Brothers in Arms  |       |       |       |     1 ||     1
Evoke: Wand              |       |       |     7 |    10 ||    17
  Use: Scroll            |     4 |     2 |    16 |     3 ||    25
       Potion            |       |     2 |     1 |       ||     3
 Stab: Sleeping          |       |       |     7 |     5 ||    12
       Confused          |       |       |       |     1 ||     1
  Eat: Chunk             |       |     6 |    14 |    11 ||    31
Armor: Animal skin       |     4 |       |       |       ||     4
       Ring mail         |    23 |    24 |       |       ||    47
       Robe              |       |    19 |    46 |    41 ||   106
Dodge: Dodged            |    54 |    92 |   180 |   133 ||   459
Block: Buckler           |       |       |    20 |    21 ||    41

Table legend:
 A = Non-vault XP
 B = Vault XP
 C = Vault XP percentage of total XP
 D = Non-vault monster count
 E = Vault monster count
 F = Vault count percentage of total count
                 A         B        C        D         E       F
            +---------+---------+-------+---------+---------+-------
      Total |    7092 |    3375 |  32.2 |     189 |     103 |  35.3
            +---------+---------+-------+---------+---------+-------
        D:1 |      71 |       0 |   0.0 |      20 |       0 |   0.0
        D:2 |     129 |       0 |   0.0 |      23 |       0 |   0.0
        D:3 |      73 |     292 |  80.0 |      22 |      11 |  33.3
        D:4 |     605 |       0 |   0.0 |      27 |       0 |   0.0
        D:5 |     850 |      90 |   9.6 |      16 |       1 |   5.9
        D:6 |     518 |     304 |  37.0 |      15 |       1 |   6.2
        D:7 |     690 |    1210 |  63.7 |      16 |      18 |  52.9
        D:8 |    1628 |       0 |   0.0 |      33 |       0 |   0.0
       D:10 |    1567 |       0 |   0.0 |       6 |       0 |   0.0
       D:11 |     961 |     892 |  48.1 |      11 |       1 |   8.3
      Sewer |       0 |     319 | 100.0 |       0 |      23 | 100.0
    Ossuary |       0 |     268 | 100.0 |       0 |      48 | 100.0
            +---------+---------+-------+---------+---------+-------
